 Dungeon Crawl Stone Soup version 0.29-a0-384-g6960b1960d (webtiles) character file.

Game seed: 2402197088699126218

1085 siradein the Thaumaturge (level 8, 0/52 HPs)
             Began as a Mummy Necromancer on May 6, 2022.
             Slain by a gnoll shaman
             ... wielding a +0 club
              (8 damage)
             ... on level 5 of the Dungeon on May 7, 2022.
             The game lasted 00:10:31 (4937 turns).

siradein the Thaumaturge (Mummy Necromancer)        Turns: 4937, Time: 00:10:32

Health: 0/52       AC:  3    Str: 11    XL:     8   Next: 9%
Magic:  17/20      EV: 12    Int: 17    God:
Gold:   169        SH:  0    Dex: 12    Spells: 16/24 levels left

rFire   . . .      SeeInvis .   i - +1 morningstar
rCold   . . .      Faith    .   (no shield)
rNeg    + + +      Spirit   .   a - +0 robe
rPois   ∞          Reflect  .   (no helmet)
rElec   .          Harm     .   (no cloak)
rCorr   .          Rampage  .   (no gloves)
Will    +....                   d - +0 pair of boots
Stlth   ++........              (no amulet)
HPRegen 0.17/turn               h - ring of fire
MPRegen 0.17/turn               (no ring)

@: no status effects
A: cold resistance 1, negative energy resistance 3, torment resistance 2, heat
vulnerability 1, in touch with death 1, no potions
a: no special abilities


You were on level 5 of the Dungeon.
You visited 1 branch of the dungeon, and saw 4 of its levels.
You also visited: Ossuary.

You collected 169 gold pieces.

Inventory:

Hand Weapons
 i - a +1 morningstar (weapon)
Missiles
 g - a throwing net
Armour
 a - a +0 robe (worn)
 d - a +0 pair of boots (worn)
Jewellery
 h - a ring of fire (left hand)
Scrolls
 c - 3 scrolls of fog
 e - 5 scrolls of teleportation
 f - a scroll of fear
 j - 2 scrolls of immolation
 k - a scroll of vulnerability


   Skills:
 - Level 1.5 Dodging
 - Level 1.5 Stealth
 + Level 8.5 Spellcasting
 + Level 7.8 Necromancy


You had 16 spell levels left.
You knew the following spells:

 Your Spells              Type           Power      Damage    Failure   Level
a - Pain                  Necr           100%       1d9       1%          1
b - Vampiric Draining     Necr           50%        2d9       1%          3
c - Animate Dead          Necr           25%        N/A       3%          4

Your spell library contained the following spells:

 Spells                   Type           Power      Damage    Failure   Level
 Animate Skeleton         Necr           100%       N/A       1%          1
 Agony                    Necr           50%        N/A       11%         5


Dungeon Overview and Level Annotations

Branches:
Dungeon (3/15)            Ossuary (visited)

Altars:
Sif Muna

Shops:
D:2 *


Innate Abilities, Weirdness & Mutations

You are immune to poison.
Your flesh is cold resistant. (rC+)
You are immune to negative energy. (rN+++)
You are immune to unholy pain and torment.
You are vulnerable to heat. (rF-)
You are in touch with the powers of death.
You do not drink.


Message History

The gnoll shouts!
The white imp closely misses you. x2
You barely miss the white imp.
The white imp is heavily wounded.
A gnoll comes into view. It is wielding a +0 whip.
The white imp closely misses you.
You barely miss the white imp.
The white imp is heavily wounded.
A gnoll comes into view. It is wielding a +0 flail.
The white imp hits you but does no damage.
The white imp gestures at you. The puff of frost misses you.
The gnoll shouts!
You hit the white imp.
The white imp is severely wounded.
You hear a howl!
The white imp barely misses you.
You barely miss the white imp.
The white imp is severely wounded.
The white imp closely misses you.
A howler monkey comes into view.
The white imp hits you.
* * * LOW HITPOINT WARNING * * *
The white imp freezes you.
* * * LOW HITPOINT WARNING * * *
The howler monkey howls!
You puncture the white imp!
You kill the white imp!
An orc comes into view. It is wielding a +0 club.
The howler monkey hoots and howls with incredible vigour!
Casting: Vampiric Draining (safe; 1% risk of failure)
Confirm with . or Enter, or press ? or * to list all spells.
Aiming: Vampiric Draining (safe; 1% risk of failure)
Press: ? - help, Shift-Dir - straight line, f - gnoll shaman
Aim: a gnoll shaman, wielding a +0 club and wearing a +0 leather armour You feel a surge of power!
You draw life force from the gnoll shaman!
You feel life coursing into your body.
The gnoll shaman hits you with a +0 club!
You die...

##### #../. #..... #.....
#.....# #.....!#######
.....h.gggg@.##############
#....o#g####).....>..>....#
#.... #..################.#
#... ##..# ####.## #.. ##g#
#######...... ## #g#
........##.#. .g$
##########.## ##.## ###.##
..< ######...#.


You could see a gnoll shaman, a howler monkey (catching breath), 4 gnolls and an
orc.

Vanquished Creatures
  A black bear (D:5)
  Blork the orc (D:5)
  9 scorpions
  3 centaur zombies (Ossuary)
  4 human zombies (Ossuary)
  A scorpion zombie (Ossuary)
  An iguana (D:5)
  4 mummies
  A gnoll (D:5)
  An adder (D:2)
  A white imp (D:5)
  3 dart slugs
  3 orcs (D:5)
  2 ball pythons (D:1)
  2 bats (D:1)
  An endoplasm (D:1)
  A giant cockroach (D:1)
  3 gnoll zombies (Ossuary)
  A hobgoblin (D:2)
  A quokka (D:2)
  4 frilled lizards
  3 goblins
  A goblin zombie (Ossuary)
  3 hobgoblin zombies (Ossuary)
  4 kobolds
  An orc zombie (Ossuary)
  3 rats
63 creatures vanquished.

Vanquished Creatures (others)
  A fungus (D:1)
1 creature vanquished.

Grand Total: 64 creatures vanquished

Notes
Turn   | Place    | Note
-------+----------+-------------------------------------------
     0 | D:1      | siradein the Mummy Necromancer began the quest for the Orb.
     0 | D:1      | Reached XP level 1. HP: 13/13 MP: 4/4
    74 | D:1      | Found a faded altar of an unknown god.
   278 | D:1      | Reached skill level 3 in Spellcasting
   417 | D:1      | Reached XP level 2. HP: 19/19 MP: 4/6
  1215 | D:2      | Found Cinwu's Assorted Antiques.
  1424 | D:2      | Found a shimmering blue altar of Sif Muna.
  1706 | D:2      | Gained mutation: You are in touch with the powers of death.
                  | [Mummy growth]
  1706 | D:2      | Reached XP level 3. HP: 24/24 MP: 6/8
  1710 | D:2      | Learned a level 3 spell: Vampiric Draining
  2135 | D:3      | You fall into a shaft and drop 2 floors!
  2135 | D:5      | Entered Level 5 of the Dungeon
  2172 | D:5      | Reached skill level 4 in Spellcasting
  2251 | D:5      | Noticed a black bear
  2258 | D:5      | Killed a black bear
  2259 | D:5      | Reached skill level 5 in Necromancy
  2259 | D:5      | Reached XP level 4. HP: 30/30 MP: 2/10
  2259 | D:5      | Reached XP level 5. HP: 35/35 MP: 2/12
  2275 | D:5      | Reached skill level 5 in Spellcasting
  2388 | D:5      | Found a sand-covered staircase.
  2512 | Ossuary  | Entered an ossuary
  2533 | Ossuary  | Reached XP level 6. HP: 41/41 MP: 5/14
  2622 | Ossuary  | Reached skill level 6 in Spellcasting
  2752 | Ossuary  | Learned a level 4 spell: Animate Dead
  3156 | Ossuary  | Reached XP level 7. HP: 38/46 MP: 2/17
  3278 | Ossuary  | Reached skill level 7 in Spellcasting
  4543 | Ossuary  | Reached skill level 8 in Spellcasting
  4753 | D:5      | Noticed Blork the orc
  4764 | D:5      | Killed Blork the orc
  4765 | D:5      | Reached XP level 8. HP: 30/52 MP: 7/20
  4937 | D:5      | Slain by a gnoll shaman

Illustrated notes

Levels and vault maps discovered:
D:1:      shiori_arrival_elements, layout_basic,
          shapermc_ecumenical_altar_acropolis, hangedman_decor_slide_cut
D:2:      layout_basic, serial_shops, nicolae_shop_overgrown_old_shop,
          basic_altar
D:3:      layout_basic
D:5:      layout_rooms, gup_ossuary_entry_pyramid, grunt_decor_cap,
          kennysheep_cluttered_room, hangedman_decor_opposing,
          uniq_blork_the_orc

Skill      XL: |  1  2  3  4  5  6  7 |
---------------+----------------------+-----
Spellcasting   | 3 4 5 6 8 |  8.5
Necromancy     | 5 6 7 |  7.8
Dodging        | |  1.5
Stealth        | |  1.5

Action                   |  1- 3 |  4- 6 |  7- 9 || total
-------------------------+-------+-------+-------++-------
Melee: Morningstar       |       |    52 |   120 ||   172
       Punch             |       |       |     1 ||     1
 Cast: Pain              |    60 |    24 |     8 ||    92
       Vampiric Draining |       |     4 |     8 ||    12
  Use: Scroll            |       |       |     7 ||     7
 Stab: Sleeping          |       |     1 |     1 ||     2
Armor: Robe              |     3 |    12 |    39 ||    54
Dodge: Dodged            |     3 |    55 |   108 ||   166

Table legend: (Time is in decaauts)
 A = Elapsed time spent in this place.
 B = Non-inter-level travel time spent in this place.
 C = Inter-level travel time spent in this place.
 D = Time resting spent in this place.
 E = Time spent auto-exploring this place.
 F = Levels seen in this place.
 G = Mean time per level.
                   A        B        C        D        E       F      G
               +--------+--------+--------+--------+--------+-----+--------+
         Total |   5022 |   4966 |     56 |    960 |   2974 |   5 | 1004.4 |
       Dungeon |   2752 |   2696 |     56 |    270 |   1964 |   4 |  688.0 |
       Ossuary |   2269 |   2269 |      0 |    690 |   1010 |   1 | 2269.0 |
               +--------+--------+--------+--------+--------+-----+--------+

Top non-repeatable levels by time:
 Ossuary: 2269 daAuts
     D:1: 1196 daAuts
     D:2: 774 daAuts
     D:5: 618 daAuts
     D:3: 163 daAuts
